 Dungeon Crawl Stone Soup version 0.17-a0-1954-g0dddeaa (webtiles) character file.

104288 4thArraOfDagon the Merfolkian Porcupine (level 16, -4/122 HPs)
             Began as a Merfolk Gladiator on Oct 3, 2015.
             Was the Champion of Cheibriados.
             Shot with a bolt by a naga sharpshooter (24 damage)
             ... led by Vashnia
             ... on level 4 of the Snake Pit.
             The game lasted 01:09:18 (11473 turns).

4thArraOfDagon the Merfolkian Porcupine (MfGl)     Turns: 11473, Time: 01:09:18

Health: -4/122     AC: 10    Str: 37    XL:     16   Next: 38%
Magic:  22/22      EV: 33    Int: 26    God:    Cheibriados [******]
Gold:   890        SH:  0    Dex: 29    Spells: 1 memorised, 8 levels left

rFire  . . .     SeeInvis .     n - +7 glaive (venom)
rCold  . . .     Rnd*Rage +     M - +1 troll leather armour
rNeg   + + +     SustAt   .     (no shield)
rPois  +         Gourm    .     c - +0 helmet
rElec  +         Spirit   .     G - +0 cloak
rCorr  .         Warding  .     Y - +0 pair of gloves {Str+3}
rMut   .         Stasis   .     J - +1 pair of boots {Fly}
MR     +++..                    L - amulet of the Air {Inacc +Fly rElec EV+5 RMsl}
Stlth  ++........               p - ring of poison resistance
                                F - ring "Ocuorhi" {*Confuse rN+++ MR+ Str+2}

@: repel missiles, very slow, extremely resistant to hostile enchantments,
unstealthy
A: change form in water, swift swim, berserk 1, dopey 1, magic resistance 1,
screaming 1, evolution 1
a: Bend Time, Temporal Distortion, Slouch, Step From Time, Renounce Religion,
Evoke Flight


You were on level 4 of the Snake Pit.
You worshipped Cheibriados.
Cheibriados was exalted by your worship.
You were not hungry.

You visited 6 branches of the dungeon, and saw 29 of its levels.
You visited the Abyss 2 times.
You also visited: Ice Cave.

You collected 2613 gold pieces.
You spent 1723 gold pieces at shops.

Inventory:

Hand weapons
 m - a +0 blowgun
 n - a +7 glaive of venom (weapon)
Missiles
 d - 17 curare-tipped needles
 j - 3 needles of sleeping
 X - a throwing net (quivered)
Armour
 c - a +0 helmet (worn)
 t - a +0 buckler of positive energy
 G - a +0 cloak (worn)
 J - a +1 pair of boots of flying (worn)
 M - a +1 troll leather armour (worn)
 Y - a +0 pair of gloves of strength (worn)
Magical staves
 y - an uncursed staff of wizardry {!a}
Rods
 E - a +4 lightning rod (9/9)
   (You took it off a deep elf mage on level 3 of the Elven Halls)
 P - a +5 rod of ignition (11/11)
   (You took it off a deep elf demonologist on level 3 of the Elven Halls)
Jewellery
 g - an uncursed amulet of clarity
 p - a ring of poison resistance (right hand)
 z - an uncursed ring of teleportation
 A - an uncursed ring of ice
 F - the ring "Ocuorhi" (left hand) {*Confuse rN+++ MR+ Str+2}
   (You took it off a deep elf death mage on level 3 of the Elven Halls)

   [ring of protection from magic]

   It affects your strength (+2).
   It renders you almost immune to negative energy.
   It affects your resistance to hostile enchantments.
   It may confuse you when you take damage.
 L - the amulet of the Air (around neck) {Inacc +Fly rElec EV+5 RMsl}
   (You found it on level 1 of the Snake Pit)

   [amulet of inaccuracy]

   It reduces the accuracy of all your attacks.
   It affects your evasion (+5).
   It insulates you from electricity.
   It lets you fly.
   It protects you from missiles.
 W - an uncursed amulet of warding
Magical devices
 h - a wand of digging (20)
 B - a wand of digging (7)
 H - a wand of enslavement (17)
 I - a wand of teleportation (4)
 R - a wand of teleportation (4)
Scrolls
 b - 3 scrolls of fog
 o - 2 scrolls of fear
 u - a scroll of identify
 v - 6 scrolls of teleportation
 D - a scroll of immolation
 O - 2 scrolls of remove curse
 Z - a scroll of magic mapping
Potions
 f - 3 potions of brilliance
 k - 4 potions of haste
 s - 2 potions of flight
 w - a potion of invisibility
 x - 2 potions of magic
 C - a potion of berserk rage
 N - 2 potions of ambrosia
 Q - a potion of might
 T - 4 potions of curing
 V - a potion of cancellation
Miscellaneous
 a - a phial of floods
 K - a fan of gales
 S - a phantom mirror
Comestibles
 e - 6 bread rations
 i - 5 meat rations
 l - 35 fruits


   Skills:
 - Level 10.1 Fighting
 O Level 27 Polearms
 - Level 2.0 Throwing
 * Level 13.0 Dodging
 - Level 7.7 Shields
 - Level 9.1 Invocations
 - Level 7.6 Evocations


You had 8 spell levels left.
You knew the following spells:

 Your Spells              Type           Power        Failure   Level  Hunger
a - Controlled Blink      Tloc           N/A          100%        7    #######


Dungeon Overview and Level Annotations

Branches:
Dungeon (12/15)            Temple (1/1) D:5            Lair (5/8) D:9
  Snake (4/4) Lair:4          Orc (4/4) D:10            Elf (3/3) Orc:4
  Swamp: Lair:3-6    Shoals: Lair:3-6

Altars:
Ashenzari
Cheibriados
Dithmenos
Elyvilon
Fedhas
Gozag
Kikubaaqudgha
Makhleb
Nemelex Xobeh
Okawaru
Qazlal
Sif Muna
Trog
Vehumet
Xom
Yredelemnul
Zin
The Shining One

Shops:
Orc:3 *   Orc:4 }(?(   Elf:3 ?*

Annotations:
D:10 Harold
D:11 Psyche
Orc:1 Fannar
Orc:3 Nergalle, Urug


Innate Abilities, Weirdness & Mutations

You revert to your normal form in water.
You are very nimble and swift while swimming.
You tend to lose your temper in combat.
You are dopey. (Int -2)
You are resistant to hostile enchantments.
You occasionally shout uncontrollably at your foes.
You evolve.


Message History

You closely miss the naga mage.
The naga mage is moderately wounded.
The naga mage spits poison at you. The splash of poison misses you.
The naga mage constricts you.
Unknown command.
You closely miss the naga mage.
The naga mage is moderately wounded.
The naga mage releases its grip on you.
The naga sharpshooter shoots a bolt.
The bolt completely misses you.
Unknown command.
You completely miss the naga mage.
The naga mage is moderately wounded.
Unknown command.
You barely miss the naga mage.
The naga mage is moderately wounded.
The naga mage completely misses you. The naga mage closely misses you.
The naga sharpshooter mumbles some strange words.
The naga sharpshooter magically shoots a bolt.
The bolt hits you!!
You die...

.....(...#.# #........ #........#
#........ #........# #........
#........# ###.........
#........#############...........
#...<............#.....#######...
#...N..N....N...รท#N.(..#.....#.##
......N.S..######N###..#.. ..#
#..........# #@N(.#..#.....#
###.....N(/# ######..#.#..
#........# #..#..# ## .........#
#..#'#####.## .........#
#...........# #.NN.(...N...
#.....(..N... #......(.....
#............


You could see a naga sharpshooter, a naga mage and a naga.

Vanquished Creatures
  2 deep elf blademasters (Elf:3)
  2 deep elf master archers (Elf:3)
  A greater naga (Snake:2)
  4 deep elf sorcerers
  8 deep elf annihilators (Elf:3)
  10 deep elf demonologists (Elf:3)
  7 deep elf death magi (Elf:3)
  A deep elf high priest (Elf:3)
  Erolcha (D:9)
  7 naga warriors
  8 anacondas
  A rakshasa (Abyss:1)
  8 starcursed masses
  A thrashing horror (Abyss:1)
  5 orc high priests
  3 naga sharpshooters
  Sonja (Orc:2)
  4 shock serpents
  2 deep elf knights
  5 wretched stars
  4 naga ritualists
  3 ice statues (IceCv)
  3 deep elf summoners
  A necromancer (IceCv)
  2 deep elf conjurers
  Pikel (D:9)
  A hill giant (D:12)
  2 orc knights
  6 mana vipers
  2 orc sorcerers
  An ugly thing (D:11)
  A cyclops (Orc:4)
  A guardian serpent (Snake:2)
  6 salamanders
  Maurice (D:9)
  4 naga magi
  A smoke demon (Abyss:5)
  An efreet (Abyss:5)
  An apocalypse crab (Abyss:3)
  16 black mambas
  A spiny frog (shapeshifter) (Elf:2)
  A spiny frog (Lair:4)
  A centaur skeleton (D:10)
  2 komodo dragons (Lair:4)
  A fire drake (Lair:4)
  7 blue devils (IceCv)
  An ancient zyme (Abyss:1)
  2 trolls
  2 two-headed ogres
  A deep elf priest (Elf:1)
  A trapdoor spider (D:10)
  2 raiju
  A wraith (Abyss:1)
  10 deep elf fighters
  6 deep elf magi
  3 chaos spawn
  3 yaks (D:9)
  Grum (D:11)
  8 wolves
  4 hippogriffs
  A hungry ghost (D:7)
  Menkaure (D:7)
  13 nagas
  2 wargs
  6 water moccasins
  2 sky beasts
  2 ice beasts
  A black bear (D:12)
  17 orc warriors
  4 phantoms
  2 wasps
  2 porcupines
  6 centaurs
  7 ogres
  A big kobold (D:12)
  2 crocodiles
  A gnoll sergeant (D:6)
  3 giant frogs
  3 troll zombies (D:10)
  3 scorpions
  2 small abominations (Abyss:1)
  4 wights (D:12)
  6 killer bees (D:9)
  2 vampire bats (Orc:1)
  3 crimson imps
  A draconian simulacrum (IceCv)
  8 lava snakes (Snake:1)
  2 giant frog skeletons
  A giant frog zombie (D:5)
  37 orc priests
  4 hounds
  3 iguanas
  34 orc wizards
  7 worker ants
  2 centaur simulacra (IceCv)
  2 troll simulacra (IceCv)
  A killer bee zombie (D:9)
  3 ogre zombies (D:10)
  A hound zombie (D:4)
  9 adders
  7 gnolls
  3 naga simulacra (IceCv)
  2 river rats
  2 ogre simulacra (IceCv)
  2 worker ant zombies
  12 white imps (D:11)
  An ufetubus (Abyss:1)
  An ooze (D:3)
  An adder zombie (D:9)
  3 giant geckos
  124 orcs
  11 bats
  2 giant cockroaches
  4 goblins
  2 jackals (D:10)
  5 quokkas
  4 ball pythons (Snake:1)
  3 giant newts
  2 goblin zombies (D:10)
  4 hobgoblin skeletons
  A hobgoblin zombie (D:10)
  4 kobolds
  3 orc skeletons (D:10)
  11 orc zombies (D:10)
  A quokka zombie (D:5)
  3 rats
626 creatures vanquished.

Vanquished Creatures (others)
  A deep elf mage (Elf:3)
  2 slaves (D:9)
  An ogre (D:9)
  An orc (D:9)
  4 fungi
9 creatures vanquished.

Grand Total: 635 creatures vanquished

Notes
Turn   | Place    | Note
--------------------------------------------------------------
     0 | D:1      | 4thArraOfDagon the Merfolk Gladiator began the quest for the Orb.
     0 | D:1      | Reached XP level 1. HP: 16/16 MP: 1/1
    91 | D:1      | Reached XP level 2. HP: 16/23 MP: 2/2
   166 | D:3      | Reached skill level 5 in Polearms
   244 | D:3      | Reached XP level 3. HP: 26/28 MP: 1/3
   315 | D:3      | Found a stormy altar of Qazlal.
   326 | D:3      | Found a shimmering altar of Xom.
   329 | D:3      | Found a shimmering altar of Xom.
   374 | D:3      | Noticed an ogre
   397 | D:3      | Killed an ogre
   397 | D:3      | Reached skill level 6 in Polearms
   397 | D:3      | Reached skill level 5 in Dodging
   397 | D:3      | Reached XP level 4. HP: 33/35 MP: 4/4
   397 | D:3      | Reached XP level 5. HP: 38/41 MP: 5/5
   415 | D:3      | Found a glowing silver altar of Zin.
   704 | D:5      | Entered Level 5 of the Dungeon
   704 | D:5      | Found a staircase to the Ecumenical Temple.
   711 | Temple   | Entered the Ecumenical Temple
   762 | Temple   | Became a worshipper of Cheibriados the Contemplative
   870 | D:5      | Found a shimmering altar of Xom.
   899 | D:5      | Reached skill level 7 in Polearms
   971 | D:5      | Reached XP level 6. HP: 48/48 MP: 6/6
   988 | D:5      | Noticed a phantom
  1023 | D:5      | Killed a phantom
  1023 | D:5      | Reached skill level 1 in Invocations
  1067 | D:5      | Noticed a centaur
  1083 | D:5      | Killed a centaur
  1083 | D:5      | Reached skill level 1 in Shields
  1209 | D:4      | Reached XP level 7. HP: 53/55 MP: 8/8
  1330 | D:6      | Acquired Cheibriados's first power
  1431 | D:6      | Reached skill level 8 in Polearms
  1721 | D:6      | Reached skill level 5 in Fighting
  1721 | D:6      | Reached XP level 8. HP: 48/62 MP: 10/10
  1853 | D:7      | Reached skill level 9 in Polearms
  1855 | D:7      | Noticed Menkaure
  1868 | D:7      | Killed Menkaure
  1889 | D:7      | Got a sapphire war axe
  1890 | D:7      | Identified the +5 war axe "Ugaeleer" {holy, Dex+2} (You found it on level 7 of the Dungeon)
  1985 | D:7      | Found an ancient bone altar of Kikubaaqudgha.
  2049 | D:7      | Got an ancient dagger
  2104 | D:8      | Found a shattered altar of Ashenzari.
  2208 | D:8      | You fall through a shaft!
  2208 | D:9      | Found a staircase to the Lair.
  2209 | D:9      | :(
  2224 | D:9      | Reached skill level 10 in Polearms
  2231 | D:9      | Reached XP level 9. HP: 56/69 MP: 11/11
  2249 | D:9      | Reached skill level 5 in Shields
  2385 | D:9      | Noticed Maurice
  2452 | D:9      | Found a bloodstained altar of Trog.
  2458 | D:9      | Noticed Erolcha
  2460 | D:9      | Noticed a troll
  2479 | D:9      | Killed Erolcha
  2479 | D:9      | Reached skill level 11 in Polearms
  2519 | D:10     | Entered Level 10 of the Dungeon
  2526 | D:10     | Noticed a centaur skeleton
  2539 | D:10     | Killed a centaur skeleton
  2590 | D:10     | Acquired Cheibriados's second power
  2606 | D:10     | Reached XP level 10. HP: 45/77 MP: 13/13
  2765 | D:9      | Killed Maurice
  2765 | D:9      | Reached skill level 5 in Invocations
  2808 | D:9      | Noticed Pikel
  2823 | D:9      | Killed Pikel
  2823 | D:9      | Reached skill level 12 in Polearms
  2892 | D:9      | Killed a troll
  3189 | D:10     | Found a staircase to the Orcish Mines.
  3202 | D:10     | Noticed Harold
  3211 | D:10     | Acquired Cheibriados's third power
  3436 | D:10     | Reached skill level 13 in Polearms
  3523 | D:11     | Found a deep blue altar of Sif Muna.
  3525 | D:11     | Noticed a brown ugly thing
  3549 | D:11     | Killed a brown ugly thing
  3549 | D:11     | Reached XP level 11. HP: 55/85 MP: 15/15
  3605 | D:11     | Noticed Grum
  3637 | D:11     | Killed Grum
  3679 | D:11     | Found a frozen archway.
  3695 | D:11     | Acquired Cheibriados's fourth power
  3759 | IceCv    | Entered an ice cave
  3868 | IceCv    | Noticed an ice statue
  3868 | IceCv    | Noticed an ice statue
  3887 | IceCv    | Killed an ice statue
  3887 | IceCv    | Reached skill level 14 in Polearms
  3958 | IceCv    | Killed an ice statue
  3958 | IceCv    | Reached skill level 10 in Dodging
  4063 | IceCv    | Noticed an ice statue
  4172 | IceCv    | Killed an ice statue
  4350 | IceCv    | Noticed a necromancer
  4369 | IceCv    | Got a faintly glowing long sword
  4380 | IceCv    | Killed a necromancer
  4396 | IceCv    | Identified the +4 long sword "Gefank" {drain, rPois} (You found it in an ice cave)
  4397 | IceCv    | Identified the +4 dagger "Etuosewu" {drain, rN+} (You found it on level 7 of the Dungeon)
  4492 | D:11     | Got an encrusted ring mail
  4502 | D:11     | Noticed a manticore
  4686 | D:12     | Noticed a hill giant
  4698 | D:12     | Killed a hill giant
  4735 | D:12     | Identified the +1 ring mail of Aschiuca {SInv} (You found it on level 11 of the Dungeon)
  4864 | D:12     | Got a smoking flail
  4870 | D:12     | Reached skill level 15 in Polearms
  5191 | D:11     | Noticed Psyche
  5290 | Orc:1    | Entered Level 1 of the Orcish Mines
  5296 | Orc:1    | Noticed Fannar
  5427 | Orc:1    | Found a deep blue altar of Sif Muna.
  5450 | Orc:1    | Reached XP level 12. HP: 95/95 MP: 17/17
  5452 | Orc:1    | Identified Sif Muna's Tome of Conjuration
  5500 | Orc:2    | Noticed Sonja
  5503 | Orc:2    | Killed Sonja
  5822 | Orc:3    | Noticed Nergalle
  5849 | Orc:3    | Found Udoedib's General Store.
  5852 | Orc:3    | Bought a scroll of enchant armour for 112 gold pieces
  5898 | Orc:3    | Noticed Urug
  5906 | Orc:4    | Entered Level 4 of the Orcish Mines
  5906 | Orc:4    | Found a staircase to the Elven Halls.
  6115 | Orc:4    | Reached skill level 16 in Polearms
  6125 | Orc:4    | Noticed an orc high priest
  6179 | Orc:4    | Killed an orc high priest
  6184 | Orc:4    | Noticed an orc high priest
  6204 | Orc:4    | Killed an orc high priest
  6287 | Orc:4    | Noticed an orc high priest
  6296 | Orc:4    | Killed an orc high priest
  6319 | Orc:4    | Noticed an orc high priest
  6342 | Orc:4    | Killed an orc high priest
  6436 | Orc:4    | Found Notitir's Gadget Emporium.
  6436 | Orc:4    | Found Ciuvae's Weapon Shoppe.
  6436 | Orc:4    | Found Lounwum's Weapon Emporium.
  6474 | Orc:4    | Found Donui's Magic Scroll Shoppe.
  6484 | Orc:4    | RIP
  6485 | Orc:4    | Bought a wand of teleportation (4) for 312 gold pieces
  6485 | Orc:4    | Bought a wand of digging (4) for 208 gold pieces
  6492 | Orc:4    | Bought a scroll of brand weapon for 340 gold pieces
  6492 | Orc:4    | Bought a scroll of teleportation for 51 gold pieces
  6492 | Orc:4    | Bought a scroll of identify for 34 gold pieces
  6493 | Orc:4    | Identified the +5 flail of a bailey {pain, *Contam rElec rF+} (You found it on level 12 of the Dungeon)
  6506 | Orc:4    | Gained mutation: You are dopey. (Int -2) [mutagenic glow]
  6635 | Orc:4    | Reached skill level 10 in Fighting
  6741 | Orc:3    | Reached skill level 17 in Polearms
  7260 | Orc:4    | Bought a +4 antimagic glaive for 539 gold pieces
  7326 | Elf:1    | Entered Level 1 of the Elven Halls
  7397 | Elf:1    | Found a radiant altar of Vehumet.
  7408 | Elf:1    | Reached XP level 13. HP: 103/103 MP: 12/19
  7519 | Elf:1    | Reached skill level 18 in Polearms
  7607 | Elf:2    | Noticed a deep elf sorcerer
  7621 | Elf:2    | Killed a deep elf sorcerer
  7694 | Elf:3    | Entered Level 3 of the Elven Halls
  7694 | Elf:3    | Found Josch's Assorted Antiques.
  7701 | Elf:3    | ofc
  7782 | Elf:3    | Reached skill level 19 in Polearms
  7855 | Elf:3    | Noticed a deep elf demonologist
  7865 | Elf:3    | Killed a deep elf demonologist
  7872 | Elf:3    | Noticed a deep elf demonologist
  7879 | Elf:3    | Killed a deep elf demonologist
  7883 | Elf:3    | Noticed a deep elf demonologist
  7893 | Elf:3    | Killed a deep elf demonologist
  7900 | Elf:3    | Noticed a deep elf annihilator
  7900 | Elf:3    | Noticed a deep elf annihilator
  7920 | Elf:3    | Killed a deep elf annihilator
  7920 | Elf:3    | Reached skill level 20 in Polearms
  7937 | Elf:3    | Noticed a deep elf death mage
  7938 | Elf:3    | Noticed a deep elf death mage
  7938 | Elf:3    | Noticed a deep elf death mage
  7940 | Elf:3    | Noticed a deep elf annihilator
  7957 | Elf:3    | Killed a deep elf death mage
  7961 | Elf:3    | Killed a deep elf annihilator
  7973 | Elf:3    | Noticed a deep elf demonologist
  7982 | Elf:3    | Killed a deep elf death mage
  7984 | Elf:3    | Cast into the Abyss (a deep elf demonologist)
  8072 | Abyss:3  | Found a corrupted altar of Lugonu.
  8115 | Elf:3    | Escaped the Abyss
  8129 | Elf:3    | Killed a deep elf demonologist
  8134 | Elf:3    | Noticed a deep elf annihilator
  8144 | Elf:3    | Killed a deep elf annihilator
  8144 | Elf:3    | Reached skill level 21 in Polearms
  8148 | Elf:3    | Noticed a deep elf annihilator
  8151 | Elf:3    | Noticed a deep elf sorcerer
  8152 | Elf:3    | Noticed a deep elf demonologist
  8152 | Elf:3    | Noticed a deep elf blademaster
  8152 | Elf:3    | Noticed a deep elf annihilator
  8169 | Elf:3    | Killed a deep elf blademaster
  8175 | Elf:3    | Killed a deep elf annihilator
  8175 | Elf:3    | Reached XP level 14. HP: 48/110 MP: 9/20
  8178 | Elf:3    | Killed a deep elf annihilator
  8183 | Elf:3    | Killed a deep elf sorcerer
  8183 | Elf:3    | Reached skill level 22 in Polearms
  8190 | Elf:3    | Killed a deep elf demonologist
  8233 | Elf:3    | Noticed a deep elf sorcerer
  8241 | Elf:3    | Killed a deep elf death mage
  8248 | Elf:3    | Killed a deep elf sorcerer
  8261 | Elf:3    | Noticed a deep elf master archer
  8261 | Elf:3    | Noticed a deep elf death mage
  8271 | Elf:3    | Killed a deep elf death mage
  8280 | Elf:3    | Killed a deep elf master archer
  8317 | Elf:3    | Killed a deep elf annihilator
  8330 | Elf:3    | Noticed a deep elf demonologist
  8343 | Elf:3    | Killed a deep elf demonologist
  8343 | Elf:3    | Reached skill level 23 in Polearms
  8354 | Elf:3    | Noticed a deep elf annihilator
  8355 | Elf:3    | Noticed a deep elf demonologist
  8362 | Elf:3    | Noticed a reaper
  8371 | Elf:3    | Killed a reaper
  8378 | Elf:3    | Killed a deep elf annihilator
  8380 | Elf:3    | Killed a deep elf demonologist
  8385 | Elf:3    | Noticed a deep elf sorcerer
  8393 | Elf:3    | Killed a deep elf sorcerer
  8399 | Elf:3    | Noticed a deep elf master archer
  8412 | Elf:3    | Killed a deep elf master archer
  8427 | Elf:3    | Noticed a deep elf demonologist
  8444 | Elf:3    | Killed a deep elf demonologist
  8461 | Elf:3    | Noticed a deep elf death mage
  8471 | Elf:3    | Killed a deep elf death mage
  8471 | Elf:3    | Reached skill level 24 in Polearms
  8473 | Elf:3    | Got a brightly glowing pewter ring
  8485 | Elf:3    | Noticed a deep elf demonologist
  8485 | Elf:3    | Cast into the Abyss (a deep elf demonologist)
  8507 | Abyss:1  | Noticed a hellephant
  8587 | Abyss:1  | Identified the ring "Ocuorhi" {*Confuse rN+++ MR+ Str+2} (You took it off a deep elf death mage on level 3 of the Elven Halls)
  8632 | Abyss:1  | Reached skill level 1 in Evocations
  8771 | Abyss:1  | Reached XP level 15. HP: 93/103 MP: 5/17
  8902 | Abyss:2  | Got a scorched ring mail
  9036 | Abyss:4  | Found a corrupted altar of Lugonu.
  9044 | Abyss:5  | Entered Level 5 of the Abyss
  9108 | Elf:3    | Escaped the Abyss
  9126 | Elf:3    | Killed a deep elf demonologist
  9164 | Elf:3    | Noticed a deep elf blademaster
  9176 | Elf:3    | Killed a deep elf blademaster
  9194 | Elf:3    | Got a vibrating glass ring
  9200 | Elf:3    | Got a warped leather armour
  9214 | Elf:3    | Noticed a deep elf demonologist
  9224 | Elf:3    | Killed a deep elf demonologist
  9224 | Elf:3    | Reached skill level 5 in Evocations
  9282 | Elf:3    | Noticed a deep elf death mage
  9290 | Elf:3    | Noticed a deep elf death mage
  9291 | Elf:3    | Killed a deep elf death mage
  9295 | Elf:3    | Killed a deep elf death mage
  9331 | Elf:3    | Identified the Incunabulum of Transformation
  9362 | Elf:3    | Learned a level 7 spell: Controlled Blink
  9382 | Elf:3    | Identified a +5 rod of ignition (11/11) (You took it off a deep elf demonologist on level 3 of the Elven Halls)
  9424 | Elf:3    | Noticed a deep elf annihilator
  9441 | Elf:3    | Killed a deep elf annihilator
  9467 | Elf:3    | Got a warped plate armour
  9472 | Elf:3    | Identified the ring "Yfru" {*Drain MR+ MP-9 Str+7} (You took it off a deep elf blademaster on level 3 of the Elven Halls)
  9485 | Elf:3    | Identified the cursed +0 ring mail of Chill Winds {*Drain rN++ Slay+5} (You found it on level 2 of the Abyss)
  9496 | Elf:3    | Identified the +3 leather armour of Lethargy {*Contam Str+6 Int+3} (You took it off a deep elf blademaster on level 3 of the Elven Halls)
  9506 | Elf:3    | Identified the +9 plate armour "Lamm" {rElec} (You found it on level 3 of the Elven Halls)
  9517 | Elf:3    | Identified a +1 pair of boots of running (You found it on level 3 of the Elven Halls)
  9617 | Elf:3    | Found Huddunec's Magic Scroll Emporium.
  9620 | Elf:3    | Bought a scroll of identify for 32 gold pieces
  9620 | Elf:3    | Bought a scroll of identify for 32 gold pieces
  9620 | Elf:3    | Bought a scroll of identify for 32 gold pieces
  9622 | Elf:3    | Gained mutation: You occasionally shout uncontrollably at your foes. [potion of mutation]
  9622 | Elf:3    | Gained mutation: You tend to lose your temper in combat. [potion of mutation]
  9622 | Elf:3    | Gained mutation: You evolve. [potion of mutation]
  9623 | Elf:3    | :S
  9670 | Elf:3    | Bought a grey potion for 31 gold pieces
  9729 | Elf:1    | Reached skill level 25 in Polearms
  9876 | Lair:1   | Entered Level 1 of the Lair of Beasts
  9902 | Lair:1   | Gained mutation: You are resistant to hostile enchantments. [evolution]
 10124 | Lair:4   | Found a staircase to the Snake Pit.
 10129 | Lair:4   | Found an opulent altar of Gozag.
 10133 | Snake:1  | Entered Level 1 of the Snake Pit
 10445 | Snake:2  | Noticed a greater naga
 10460 | Snake:2  | Killed a greater naga
 10465 | Snake:2  | HP: 4/115 [salamander/halberd (14)]
 10490 | Snake:2  | :(
 10689 | Snake:2  | Reached skill level 26 in Polearms
 10823 | Snake:4  | Entered Level 4 of the Snake Pit
 10847 | Snake:4  | Reached XP level 16. HP: 83/122 MP: 22/22
 11183 | Snake:3  | Reached skill level 27 in Polearms
 11468 | Snake:4  | HP: 6/122 [naga mage/halberd (1)]
 11473 | Snake:4  | Shot with a bolt by a naga sharpshooter

Vault maps used:
D:1:      lightli_arrival_statue_moat
D:2:      serial_curves, eino_curves_04, eino_curves_02
D:3:      lemuel_round_altar, nicolae_overflow_crystal_walls, st_stairs_4,
          xom_redecorated
D:4:      first_bread
D:5:      lemuel_crystal_altar, temple_statues, uniq_crazy_yiuf_cottage
D:7:      kennysheep_little_box, feat_on_display, uniq_menkaure
D:8:      nicolae_overflow_hidden_temple
D:9:      kennysheep_mini, dpeg_oklobed_lair, uniq_erolcha, uniq_pikel,
          uniq_maurice
D:10:     zombieorc2_lemuel, uniq_harold
D:11:     portal_ice_cave_entry_imps, basic_altar, uniq_psyche, uniq_grum
D:12:     blue_anna_alchemist
Temple:   circular_temple_pool_12
Lair:2:   lemuel_fruit_fields
Lair:4:   dummy_snake_entry, basic_altar, minivault_24
Lair:5:   uniq_kirke
Snake:1:  nicolae_snake_lava_pool, serial_bayou_shore_a
Snake:2:  serial_shops, nicolae_shop_stone, stair_cage_line
Snake:3:  minmay_snake_river, spider_trap
Snake:4:  snake_pit, spider_trap, nrook_guardian_serpent_double, uniq_vashnia
Orc:1:    roderic_batcave, led_sif_book, uniq_fannar
Orc:2:    nicolae_orc_lava_room, uniq_sonja
Orc:3:    serial_shops, nicolae_shop_behind_doors, nicolae_orc_pool_cavern,
          uniq_urug, uniq_nergalle
Orc:4:    st_orc_mages
Elf:1:    minmay_elf_arrival_circle, david_defended_altar_elf,
          grunt_megastairs_1, uniq_roxanne, uniq_donald, uniq_aizul
Elf:2:    serial_corexii_hall, corexii_hall_statues_u, corexii_hall_statues_i,
          serial_shops, shop, uniq_asterion
Elf:3:    elf_hall, serial_shops, bzr_firewalk, shop,
          nicolae_shop_window_shopping, uniq_wiglaf
Abyss:2:  minivault_4
Abyss:3:  hangedman_illusive_loot, evilmike_abyss_rune_elephants,
          eino_small_chamber_without_monster, hangedman_eye_storm
Abyss:4:  evilmike_abyss_rune_acolytes_1, bh_silent_lugonu_exit
Abyss:5:  evilmike_abyss_rune_tso_outpost, evilmike_abyss_exit_4,
          hangedman_abyss_or_decor_passed, evilmike_abyss_exit_smiterflies
IceCv:    ice_cave_tombish

Action                   |  1- 3 |  4- 6 |  7- 9 | 10-12 | 13-15 | 16-18 || total
-------------------------+-------+-------+-------+-------+-------+-------++-------
Melee: Trident           |    71 |    88 |    56 |       |       |       ||   215
       Spear             |       |       |   205 |  1270 |       |       ||  1475
       Glaive            |       |       |       |    36 |   643 |   148 ||   827
 Fire: Blowgun           |       |     6 |       |       |       |       ||     6
Throw: Throwing net      |     3 |    12 |     5 |     4 |    12 |       ||    36
Invok: Bend Time         |       |       |       |     2 |       |       ||     2
       Slouch            |       |       |       |     5 |     4 |     1 ||    10
       Temporal Distorti |       |       |       |     5 |     1 |       ||     6
 Abil: Evoke Teleportati |       |       |       |       |     3 |       ||     3
       Stop Flying       |       |       |       |       |     1 |       ||     1
Evoke: Wand              |       |       |       |     3 |     3 |       ||     6
       Rod               |       |       |       |       |     2 |       ||     2
  Use: Scroll            |     1 |     4 |     7 |    19 |    20 |     4 ||    55
       Potion            |       |       |     3 |       |     6 |     1 ||    10
 Stab: Held in net/web   |     1 |     5 |     2 |     9 |     5 |       ||    22
       Sleeping          |     1 |       |       |     7 |     1 |       ||     9
       Distracted        |       |       |       |     6 |     2 |       ||     8
       Invisible         |       |       |       |       |     3 |       ||     3
  Eat: Chunk             |       |     1 |     3 |     8 |     7 |       ||    19
       Bread ration      |       |       |     1 |     1 |       |       ||     2
       Pizza             |       |       |       |     1 |     3 |       ||     4
       Royal jelly       |       |       |       |       |       |     2 ||     2
